 Dungeon Crawl Stone Soup version 0.25.0-9-g26727b657a (webtiles) character file.

Game seed: 7645637588529231693

41 Esekla the Vexing (level 3, -1/27 HPs)
             Began as a Demonspawn Enchanter on June 18, 2020.
             Slain by a worm (3 damage)
             ... on level 2 of the Dungeon.
             The game lasted 00:05:06 (1845 turns).

Esekla the Vexing (Demonspawn Enchanter)            Turns: 1845, Time: 00:05:07

Health: -1/27      AC:  3    Str:  8    XL:     3   Next: 32%
Magic:  6/6        EV:  8    Int: 17    God:
Gold:   85         SH:  0    Dex: 13    Spells: 6/6 levels left

rFire    . . .     SeeInvis +   a - +1 dagger
rCold    . . .     Gourm    .   (no shield)
rNeg     . . .     Faith    .   b - +0 robe
rPois    .         Spirit   .   (helmet restricted)
rElec    .         Reflect  .   i - +0 cloak
rCorr    .         Harm     .   (no gloves)
MR       .....                  (no boots)
Stlth    ++........             (no amulet)
HPRegen  0.09/turn              h - ring of see invisible
MPRegen  0.10/turn              k - -4 ring of evasion (curse)

@: no status effects
A: horns 1
a: no special abilities


You were on level 2 of the Dungeon.
You were hungry.

You visited 1 branch of the dungeon, and saw 2 of its levels.

You collected 85 gold pieces.

Inventory:

Hand Weapons
 a - a +1 dagger (weapon)
Missiles
 j - 11 poisoned darts (quivered)
Armour
 b - a +0 robe (worn)
 i - a +0 cloak (worn)
Jewellery
 h - a ring of see invisible (left hand)
 k - a cursed -4 ring of evasion (right hand)
Potions
 c - a potion of haste
Comestibles
 d - 5 rations


   Skills:
 * Level 1.8 Fighting
 + Level 1.5 Short Blades
 + Level 2.1 Dodging
 - Level 2.6 Stealth
 + Level 2.3 Spellcasting
   Level 3.0 Hexes


You had 6 spell levels left.
You didn't know any spells.
Your spell library contained the following spells:

 Spells                   Type           Power        Failure   Level  Hunger
 Corona                   Hex            ##.....      5%          1    #......
 Ensorcelled Hibernation  Hex/Ice        #.....       16%         2    ###....
 Confusing Touch          Hex            ##......     16%         3    ###....
 Tukima's Dance           Hex            ##......     16%         3    ###....
 Dazzling Flash           Conj/Hex       #.....       30%         3    ###....


Dungeon Overview and Level Annotations

Branches:
Dungeon (2/15)

Altars:


Innate Abilities, Weirdness & Mutations

You have a pair of small horns on your head.


Message History

The worm is lightly wounded.
The worm bites you.
* * * LOW HITPOINT WARNING * * *
You hit the worm.
The worm is lightly wounded.
You barely miss the worm. You headbutt the worm.
The worm is moderately wounded.
The worm bites you!
* * * LOW HITPOINT WARNING * * *
You hit the worm but do no damage.
The worm is moderately wounded.
You hit the worm.
The worm is heavily wounded.
The worm closely misses you.
You hit the worm.
The worm is severely wounded.
You hit the worm.
The worm is severely wounded.
The worm bites you.
You die...

#. #.# #.# ## #.#
... #.. .. #.
#.###.#### ##.
##..w...... ....
#..@...# #...
#..##### #...###
#.#(.#########
#.....
#.....†......#
#.#..
#.###..##.##.#
#.#.. #.#
##.##.##.###
#.#.. #.
#......((.# #.#.#
#
#.#.###.#.###.#.#
#...##
##...##.#.#


You could see a worm.

Vanquished Creatures
  An adder (D:2)
  2 oozes (D:1)
  2 dart slugs (D:2)
  3 bats (D:1)
  A giant cockroach (D:1)
  3 goblins (D:1)
  A hobgoblin (D:2)
  2 kobolds
  A quokka (D:2)
  2 frilled lizards (D:1)
  3 rats
21 creatures vanquished.

Notes
Turn   | Place    | Note
-------+----------+-------------------------------------------
     0 | D:1      | Esekla the Demonspawn Enchanter began the quest for the
                  | Orb.
     0 | D:1      | Reached XP level 1. HP: 13/13 MP: 3/3
    70 | D:1      | Reached skill level 1 in Fighting
    70 | D:1      | Reached skill level 1 in Short Blades
   270 | D:1      | Gained mutation: You have a pair of small horns on your
                  | head. [demonic ancestry]
   270 | D:1      | Reached XP level 2. HP: 12/21 MP: 5/5
  1345 | D:2      | Reached XP level 3. HP: 21/26 MP: 6/6
  1418 | D:2      | HP: 1/27 [quokka (2)]
  1845 | D:2      | Slain by a worm

Illustrated notes

Levels and vault maps discovered:
D:1:      enne_arrival_octagon_isle, layout_loops_ring, minmay_crystal_room
D:2:      layout_loops_ring, grunt_ministairs_9, nemelex_lonely_heart_becter

Skill      XL: |  1  2 |
---------------+-------+-----
Fighting       | 1 |  1.8
Short Blades   | 1 |  1.5
Dodging        | 2 |  2.1
Stealth        | |  2.6
Spellcasting   | |  2.3
Hexes          | |  3.0

Action                   || total
-------------------------++-------
Melee: Dagger            ||   129
       Headbutt          ||    10
Throw: Dart              ||     1
  Use: Scroll            ||     3
       Potion            ||     1
 Stab: Sleeping          ||     3
  Eat: Chunk             ||     2
Armor: Robe              ||    23
Dodge: Dodged            ||    58
